 Dungeon Crawl Stone Soup version 0.31-a0-963-ga325b2283a (webtiles) character file.

Game seed: 11720962966155822770

18207 tsujin the Fighter (level 12, -7/98 HPs)
             Began as a Djinni Conjurer on Oct 26, 2023.
             Was a Believer of Ashenzari.
             Mangled by a cane toad (14 damage)
             ... on level 1 of the Lair of Beasts.
             The game lasted 00:58:40 (8606 turns).

tsujin the Fighter (Djinni Conjurer)                Turns: 8606, Time: 00:58:40

Health: -7/98      AC:  5    Str:  8    XL:     12   Next: 92%
Gold:   1470       EV: 13    Int: 23    God:    Ashenzari [**....] SH: 10 Dex: 16

rFire   + + +        n - +5 war axe of World Downfall {heavy, Dex+4}
rCold   x . .        I - +0 kite shield "Share My Portent" {Comp, Self} (curse)
rNeg    . . .        B - +0 steam dragon scales "Cursed Water Diviner" {Elem, Cun} (curse)
rPois   ∞            (no helmet)
rElec   .            (no cloak)
rCorr   .            (no gloves)
SInv    +            (boots unavailable)
Will    +....        m - amulet "Circumscribed Oracle" {Regen+, Range, Alch} (curse)
Stlth   +++          j - ring of protection from fire
HPRegen 1.16/turn    a - ring of wizardry
MPRegen 0.00/turn

%: wizardry (x1), infuse magic (-8 HP)
@: flying, hasted, studying Shields, very quick
A: sickness immunity, fire resistance 2, cold vulnerability 1, float, innate
caster, HP casting, extra vitality 1
a: Renounce Religion, Curse Item, Shatter the Chains


You were on level 1 of the Lair of Beasts.
You worshipped Ashenzari.
Ashenzari was pleased with you.
You visited 3 branches of the dungeon, and saw 12 of its levels.
You also visited: Ossuary and Bailey.

You collected 1710 gold pieces.
You spent 240 gold pieces at shops.

Inventory:

Hand Weapons
 n - the +5 war axe of World Downfall (weapon) {heavy, Dex+4}
   (You found it on level 4 of the Dungeon)

   Dex+4:     It affects your dexterity (+4).
Missiles
 y - a throwing net
Armour
 B - the cursed +0 steam dragon scales "Cursed Water Diviner" (worn) {Elem, Cun}
   (You found it on level 8 of the Dungeon)

   It has a curse which improves the following skills: Elements: Fire Magic, Ice
   Magic, Air Magic and Earth Magic.
   Cunning:   Dodging and Stealth.
 I - the cursed +0 kite shield "Share My Portent" (worn) {Comp, Self}
   (You took it off a gnoll sergeant on level 8 of the Dungeon)

   It has a curse which improves the following skills: Companions: Summonings
   and Necromancy.
   Introspection: Fighting and Spellcasting.
Jewellery
 a - a ring of wizardry (right hand)
 j - a ring of protection from fire (left hand)
 m - the cursed amulet "Circumscribed Oracle" (around neck) {Regen+, Range, Alch}
   (You found it on level 3 of the Dungeon)

   [amulet of regeneration]

   Regen+:    It increases your rate of health regeneration.
   It has a curse which improves the following skills: Ranged Combat: Ranged
   Weapons and Throwing.
   Alchemy:   Poison Magic and Transmutations.
 v - a ring of see invisible
 D - an amulet of reflection
Talismans
 E - a beast talisman
Wands
 q - a wand of quicksilver (17)
 s - a wand of iceblast (7)
 u - a wand of mindburst (14)
 C - a wand of polymorph (8)
 J - a wand of flame (5)
Scrolls
 b - 2 scrolls of poison
 h - 6 scrolls of teleportation
 k - a scroll of revelation
 z - 2 scrolls of enchant weapon
 A - a scroll of summoning
 F - 3 scrolls of fear
 G - a scroll of torment
 K - a scroll of fog
Potions
 c - 4 potions of might
 d - 2 potions of attraction
 e - 5 potions of curing
 f - 6 potions of resistance
 g - 2 potions of mutation
 i - a potion of enlightenment
 l - a potion of haste
 o - 4 potions of brilliance
 p - 3 potions of ambrosia
 t - 2 potions of berserk rage
 w - a potion of degeneration
 x - 2 potions of lignification
 H - a potion of cancellation


   Skills:
 * Level 12.2(13.3) Fighting
 + Level 2.3 Armour
 + Level 5.6(6.7) Dodging
 + Level 4.4(5.5) Stealth
 + Level 5.3 Shields
 * Level 11.1(12.2) Spellcasting
 * Level 11.1 Conjurations
 * Level 11.1 Hexes
 * Level 11.1(12.2) Summonings
 * Level 11.1(12.2) Necromancy
 * Level 11.1 Translocations
 * Level 11.1(12.2) Transmutations
 * Level 11.1(12.2) Fire Magic
 * Level 11.1(12.2) Ice Magic
 * Level 11.1(12.2) Air Magic
 * Level 11.1(12.2) Earth Magic
 * Level 11.1(12.2) Poison Magic


You knew the following spells:

 Your Spells              Type           Power      Damage    Failure   Level
a - Magic Dart            Conj           100%       1d8       1%          1
b - Searing Ray           Conj           100%       2d8       1%          2
c - Dazzling Flash        Conj/Hex       100%       N/A       1%          3
d - Fulminant Prism       Conj/Hex       30%        3d15      1%          4
e - Iskenderun's Mystic   Conj/Tloc      60%        2d13      1%          4
f - Shock                 Conj/Air       100%       1d9       1%          1
g - Wereblood             Tmut           63%        N/A       1%          2
h - Sigil of Binding      Hex            60%        N/A       1%          3
i - Flame Wave            Conj/Fire      61%        2d14      1%          4
j - Irradiate             Conj/Tmut      30%        3d21      1%          5
Your spell library was empty.

Dungeon Overview and Level Annotations

Branches:
Dungeon (10/15)            Temple (1/1) D:4            Lair (1/5) D:10
Ossuary (visited)          Bailey (visited)
    Orc: D:9-12

Altars:
Ashenzari
Dithmenos
Elyvilon
Fedhas
Gozag
Makhleb
Nemelex Xobeh
Okawaru
Qazlal
Ru
Wu Jian
Yredelemnul
Zin
The Shining One

Shops:
D:4 !   D:5 *

Annotations:
D:9 2 transporters
D:10 1 runed translucent door


Innate Abilities, Weirdness & Mutations

You are immune to sickness and miasma.
You are immune to poison.
Your flesh is very heat resistant. (rF++)
You are vulnerable to cold. (rC-)
You float through the air rather than walking.
You learn spells naturally, not from books.
Your magical power is your life essence.
You have superior vitality. (+4 MHP)


Message History

There is a stone staircase leading down here.
You fly downwards.
Level annotation: 1 runed translucent door
There is a stone staircase leading up here.
Things that are here:
a +1 animal skin; a -2 glaive of protection
s - a wand of iceblast (7) (gained 4 charges)
Things that are here:
a +0 club; a gnoll skeleton The yaktaur captain shouts!
The yaktaur captain shoots a bolt.
The bolt hits you!!
The yaktaur captain shoots a bolt.
The bolt hits you!
The yaktaur captain shoots a bolt.
The bolt hits you!!
* * * LOW HITPOINT WARNING * * *
You feel much better.
The yaktaur captain shoots a bolt.
The bolt hits you!
* * * LOW HITPOINT WARNING * * *
There is a staircase to the Lair here.
You fly downwards.
Welcome to the Lair of Beasts!
Found a potion of haste and 20 gold pieces.
There is a staircase back to the Dungeon here.
You feel yourself speed up.
Casting: Iskenderun's Mystic Blast (mildly dangerous; 1% risk of failure)
Confirm with . or Enter, or press ? or * to list all spells.
Aiming: Fulminant Prism (mildly dangerous; 1% risk of failure)
Press: ? - help, Dir - move target You conjure a prism of explosive energy!
* * * LOW HITPOINT WARNING * * *
A fulminant prism comes into view.
The water moccasin hisses angrily.
You hear a loud, deep croak!
The basilisk hisses angrily.
The cane toad croaks.
You hear a croak.
A cane toad comes into view.
You hear a howl!
You hear a loud, deep croak! x2; You hear a croak.
You hear a loud, deep croak!
A cane toad comes into view.
The cane toad attacks as it pursues you!
The cane toad stings you!
* * * LOW HITPOINT WARNING * * *
The cane toad stings you!
You die...

.....# ....#
....# #...# .
#...# ..
#...###...
##.........
...##.l@.^#
.......FF.#
######.*.#!...#
.S#### #F##
...F .. #..F##
# $... .##


You could see 5 cane toads, a basilisk (ally target), a water moccasin and a
friendly fulminant prism.

Vanquished Creatures
  An orc warlord (Bailey)
  A flayed ghost (D:10)
  An orc knight (Bailey)
  An ugly thing (D:10)
  A black mamba (shapeshifter) (D:10)
  A kobold demonologist (D:9)
  2 unseen horrors
  2 komodo dragons (D:10)
  2 trolls (D:10)
  A hornet (D:10)
  Grinder (D:5)
  A wyvern (D:10)
  A wraith (D:10)
  8 yaks
  Grum (D:10)
  3 vampire mosquitoes (D:9)
  2 steam dragons
  Menkaure (D:5)
  2 water moccasins
  Duvessa (D:5)
  2 ice beasts
  16 orc warriors
  A sky beast (D:4)
  2 black bears
  3 wolves (D:10)
  2 centaurs
  2 phantoms
  6 kobold brigands
  2 bullfrogs
  2 gnoll sergeants
  5 wights (D:10)
  Dowan (D:5)
  6 killer bees (D:9)
  4 howler monkeys
  A human zombie (D:10)
  6 hounds
  A jelly (D:5)
  A gnoll bouda (D:6)
  3 iguanas
  2 orc wizards
  A sleepcap (D:6)
  4 mummies (Ossuary)
  8 adders
  27 gnolls
  A shadow imp (D:5)
  2 white imps (D:7)
  A worm (D:4)
  A dart slug (D:4)
  20 orcs
  4 bats
  6 endoplasms
  5 giant cockroaches
  29 goblins
  11 hobgoblins
  4 jackals (D:3)
  2 quokkas
  6 ball pythons
  2 frilled lizards
  4 gnoll skeletons (Ossuary)
  4 gnoll zombies (Ossuary)
  4 goblin skeletons (Ossuary)
  4 goblin zombies (Ossuary)
  3 hobgoblin skeletons (Ossuary)
  2 hobgoblin zombies (Ossuary)
  28 kobolds
  5 kobold skeletons (Ossuary)
  5 kobold zombies
  3 orc skeletons (Ossuary)
  4 orc zombies (Ossuary)
  3 rats
  6 rat skeletons (Ossuary)
  7 rat zombies (Ossuary)
  4 fulminant prisms
322 creatures vanquished.

Vanquished Creatures (collateral kills)
  A kobold (D:4)
1 creature vanquished.

Vanquished Creatures (others)
  243 fulminant prisms
243 creatures vanquished.

Grand Total: 566 creatures vanquished

Notes
Turn   | Place    | Note
-------+----------+-------------------------------------------
     0 | D:1      | tsujin the Djinni Conjurer began the quest for the Orb.
     0 | D:1      | tsujin set off with the following spells memorised: Magic
                  | Dart, Searing Ray, Dazzling Flash, Fulminant Prism,
                  | Iskenderun's Mystic Blast.
     0 | D:1      | Reached XP level 1. HP: 15/15 MP: 0/0
   359 | D:1      | Reached XP level 2. HP: 19/21 MP: 0/0
   939 | D:2      | Reached XP level 3. HP: 22/25 MP: 0/0
   939 | D:2      | Learned a level 1 spell: Shock
   960 | D:2      | Found a sparkling altar of Nemelex Xobeh.
  1040 | D:2      | Found a faded altar of an unknown god.
  1232 | D:2      | Reached XP level 4. HP: 28/31 MP: 0/0
  1460 | D:2      | Reached XP level 5. HP: 32/35 MP: 0/0
  1460 | D:2      | Learned a level 2 spell: Wereblood
  1558 | D:2      | Reached skill level 5 in Spellcasting
  1558 | D:2      | Reached skill level 5 in Conjurations
  1558 | D:2      | Reached skill level 5 in Hexes
  1558 | D:2      | Reached skill level 5 in Summonings
  1558 | D:2      | Reached skill level 5 in Necromancy
  1558 | D:2      | Reached skill level 5 in Translocations
  1558 | D:2      | Reached skill level 5 in Transmutations
  1558 | D:2      | Reached skill level 5 in Fire Magic
  1558 | D:2      | Reached skill level 5 in Ice Magic
  1558 | D:2      | Reached skill level 5 in Air Magic
  1558 | D:2      | Reached skill level 5 in Earth Magic
  1558 | D:2      | Reached skill level 5 in Poison Magic
  2380 | D:4      | Reached XP level 6. HP: 40/40 MP: 0/0
  2391 | D:4      | Identified the +5 war axe of World Downfall {heavy, Dex+4}
  2439 | D:4      | Found a stormy altar of Qazlal.
  2470 | D:4      | Noticed a water moccasin
  2484 | D:4      | Killed a water moccasin
  2485 | D:4      | Reached skill level 1 in Fighting
  2545 | D:4      | Reached XP level 7. HP: 30/48 MP: 0/0
  2545 | D:4      | Learned a level 3 spell: Sigil of Binding
  2715 | D:4      | Found a staircase to the Ecumenical Temple.
  2818 | D:4      | Reached skill level 2 in Fighting
  2948 | D:4      | Found a glowing golden altar of the Shining One.
  2948 | D:4      | Found a glowing silver altar of Zin.
  2948 | D:4      | Found a white marble altar of Elyvilon.
  3007 | Temple   | Entered the Ecumenical Temple
  3026 | Temple   | Became a worshipper of Ashenzari the Shackled
  3081 | D:4      | Found Jogruh's Distillery.
  3089 | D:4      | Bought a potion of curing for 36 gold pieces
  3089 | D:4      | Bought a potion of curing for 36 gold pieces
  3089 | D:4      | Bought a potion of heal wounds for 60 gold pieces
  3089 | D:4      | Bought a potion of heal wounds for 60 gold pieces
  3089 | D:4      | Identified a scroll of acquirement
  3089 | D:4      | Acquired 1003 gold pieces
  3095 | D:4      | Bought a potion of brilliance for 48 gold pieces
  3141 | D:4      | Found a blossoming altar of Fedhas.
  3155 | D:5      | Entered Level 5 of the Dungeon
  3196 | D:5      | Reached skill level 3 in Fighting
  3556 | D:5      | Noticed Duvessa
  3557 | D:5      | Noticed Dowan
  3568 | D:5      | Killed Dowan
  3568 | D:5      | Killed Duvessa
  3569 | D:5      | Reached XP level 8. HP: 42/58 MP: 0/0
  3583 | D:5      | Noticed Grinder
  3594 | D:5      | Noticed Menkaure
  3644 | D:5      | Killed Menkaure
  3645 | D:5      | Reached skill level 4 in Fighting
  3666 | D:5      | Killed Grinder
  3771 | D:5      | Found Voeziuz's General Store.
  3997 | D:6      | Reached skill level 5 in Fighting
  4118 | D:6      | Reached XP level 9. HP: 61/65 MP: 0/0
  4118 | D:6      | Learned a level 4 spell: Flame Wave
  4129 | D:6      | Found a sand-covered staircase.
  4139 | Ossuary  | Entered an ossuary
  4986 | D:6      | Found a sacrificial altar of Ru.
  4987 | D:6      | Found a burning altar of Makhleb.
  5052 | D:7      | Reached skill level 6 in Fighting
  5052 | D:7      | Reached skill level 1 in Armour
  5792 | D:8      | Reached * piety under Ashenzari
  5905 | D:8      | Reached skill level 7 in Fighting
  6297 | D:8      | Reached XP level 10. HP: 73/75 MP: 0/0
  6315 | D:8      | Killed an unseen horror
  6396 | D:9      | Found a flagged portal.
  6408 | Bailey   | Entered a bailey
  6435 | Bailey   | Noticed an orc knight
  6451 | Bailey   | Killed an orc knight
  6452 | Bailey   | Reached skill level 8 in Fighting
  6575 | Bailey   | Identified the +3 dagger of Malaise {flame, rPois}
  6702 | Bailey   | Reached skill level 9 in Fighting
  6714 | Bailey   | Noticed an orc warlord
  6743 | Bailey   | Killed an orc warlord
  6744 | Bailey   | Reached XP level 11. HP: 49/84 MP: 0/0
  6744 | Bailey   | Learned a level 5 spell: Irradiate
  6900 | Bailey   | Identified the "Calur" (You acquired it in a bailey)
  6900 | Bailey   | Acquired a manual of Shields
  7109 | D:10     | Entered Level 10 of the Dungeon
  7146 | D:9      | Identified the +7 scale mail of the Rhinotaur {rCorr}
  7267 | D:9      | Found a transporter.
  7283 | D:9      | Reached skill level 10 in Fighting
  7346 | D:9      | Found a transporter.
  7398 | D:9      | Reached skill level 11 in Fighting
  7398 | D:9      | Reached skill level 5 in Dodging
  7398 | D:9      | Reached skill level 10 in Spellcasting
  7398 | D:9      | Reached skill level 10 in Conjurations
  7398 | D:9      | Reached skill level 10 in Hexes
  7398 | D:9      | Reached skill level 10 in Summonings
  7398 | D:9      | Reached skill level 10 in Necromancy
  7398 | D:9      | Reached skill level 10 in Translocations
  7398 | D:9      | Reached skill level 10 in Transmutations
  7398 | D:9      | Reached skill level 10 in Fire Magic
  7398 | D:9      | Reached skill level 10 in Ice Magic
  7398 | D:9      | Reached skill level 10 in Air Magic
  7398 | D:9      | Reached skill level 10 in Earth Magic
  7398 | D:9      | Reached skill level 10 in Poison Magic
  7398 | D:9      | Reached XP level 12. HP: 94/94 MP: 0/0
  7411 | D:9      | Reached ** piety under Ashenzari
  7524 | D:10     | Reached skill level 5 in Shields
  7631 | D:10     | Noticed Grum
  7641 | D:10     | Killed Grum
  7747 | D:10     | Found a runed translucent door.
  7766 | D:10     | Found a basalt altar of Yredelemnul.
  7822 | D:10     | Noticed a flayed ghost
  7843 | D:10     | Killed a flayed ghost
  7844 | D:10     | Reached skill level 12 in Fighting
  7949 | D:10     | Noticed a yaktaur captain
  7953 | D:10     | HP: 4/98 [yaktaur captain/bolt (39)]
  8026 | D:10     | Found a staircase to the Lair.
  8029 | D:10     | Found an opulent altar of Gozag.
  8603 | Lair:1   | Entered Level 1 of the Lair of Beasts
  8606 | Lair:1   | Mangled by a cane toad

Illustrated notes

Levels and vault maps discovered:
D:1:      roderic_octagonal_star, layout_loops_corners, glass_columns_c
D:2:      layout_loops_ring, shapermc_ecumenical_altar_petra, basic_altar
D:3:      layout_basic, trog_antimagical
D:4:      layout_rooms, good_gods_mini_temple, nicolae_qazlal_beasts_of_the_sky,
          mainiacjoe_overflow_24_doors, minmay_temple_entry_enclosed_plants,
          serial_shops, nicolae_shop_peninsula, minmay_crystal_water
D:5:      layout_basic, serial_shops, kennysheep_little_box, uniq_menkaure,
          uniq_grinder, uniq_duvessa
D:6:      layout_loops_ring, gammafunk_temple_overflow_statue, enter_ossuary_3
D:7:      layout_rooms
D:8:      layout_basic
D:9:      gammafunk_steamed_eel, layout_rooms, enter_bailey_3,
          nrook_pool_corridor, minmay_misc_feat_ornament
D:10:     layout_big_octagon, regret_index_temple_of_mockery, marbit_many_paths,
          kennysheep_mini_moat, dk_yredelemnul_ordeal,
          nicolae_gozag_seed_capital, lair_entry_dummy,
          hangedman_abyss_or_decor_lesser_grid, minmay_misc_feat_tower,
          minmay_stone_trees_medium, nicolae_doodle_vault, uniq_grum
Temple:   hellmonk_temple_forest_ring
Lair:1:   layout_gridlike, beast_lair_carwin_8

Skill      XL: |  1  2  3  4  5  6  7  8  9 10 11 12 |
---------------+-------------------------------------+-----
Spellcasting   | 4 5 6 7 8 9 10 11 | 11.1
Conjurations   | 4 5 6 7 8 9 10 11 | 11.1
Hexes          | 4 5 6 7 8 9 10 11 | 11.1
Summonings     | 4 5 6 7 8 9 10 11 | 11.1
Necromancy     | 4 5 6 7 8 9 10 11 | 11.1
Translocations | 4 5 6 7 8 9 10 11 | 11.1
Transmutations | 4 5 6 7 8 9 10 11 | 11.1
Fire Magic     | 4 5 6 7 8 9 10 11 | 11.1
Ice Magic      | 4 5 6 7 8 9 10 11 | 11.1
Air Magic      | 4 5 6 7 8 9 10 11 | 11.1
Earth Magic    | 4 5 6 7 8 9 10 11 | 11.1
Poison Magic   | 4 5 6 7 8 9 10 11 | 11.1
Fighting       | 1 3 5 7 9 11 12 | 12.2
Stealth        | 2 4 |  4.4
Dodging        | 3 5 |  5.6
Armour         | 2 |  2.3
Shields        | 4 5 |  5.3

Action                     |  1- 3 |  4- 6 |  7- 9 | 10-12 || total
---------------------------+-------+-------+-------+-------++-------
  Melee: War axe           |       |       |       |     2 ||     2
   Cast: Magic Dart        |    48 |    93 |   132 |    65 ||   338
         Shock             |     3 |    12 |     7 |       ||    22
         Searing Ray       |       |     1 |       |       ||     1
         Fulminant Prism   |       |     7 |   111 |   130 ||   248
         Iskenderun's Myst |       |       |     7 |    29 ||    36
 Invoke: Curse Item        |       |       |     2 |     1 ||     3
    Use: Scroll            |     5 |       |    11 |     3 ||    19
         Potion            |       |       |     1 |    13 ||    14
 Armour: Robe              |     2 |    15 |    21 |       ||    38
         Leather armour    |       |       |     9 |       ||     9
         Steam dragon scal |       |       |       |    63 ||    63
  Dodge: Dodged            |     2 |    16 |    30 |    32 ||    80
  Block: Kite shield       |       |       |       |    30 ||    30

Table legend: (Time is in decaauts)
 A = Elapsed time spent in this place.
 B = Non-inter-level travel time spent in this place.
 C = Inter-level travel time spent in this place.
 D = Time resting spent in this place.
 E = Time spent auto-exploring this place.
 F = Levels seen in this place.
 G = Mean time per level.
                   A        B        C        D        E       F      G
               +--------+--------+--------+--------+--------+-----+--------+
         Total |   8588 |   7901 |    687 |    465 |   5018 |  14 |  613.4 |
       Dungeon |   7507 |   6853 |    654 |    382 |   4608 |  10 |  750.7 |
        Temple |     40 |      8 |     32 |      0 |      0 |   1 |   40.0 |
          Lair |      2 |      2 |      0 |      0 |      0 |   1 |    2.0 |
       Ossuary |    473 |    473 |      0 |      0 |    223 |   1 |  473.0 |
        Bailey |    563 |    563 |      0 |     83 |    187 |   1 |  563.0 |
               +--------+--------+--------+--------+--------+-----+--------+

Top non-repeatable levels by time:
     D:2: 1000 daAuts
     D:1: 912 daAuts
     D:5: 865 daAuts
    D:10: 862 daAuts
     D:4: 742 daAuts
     D:8: 741 daAuts
     D:6: 733 daAuts
     D:9: 701 daAuts
  Bailey: 563 daAuts
     D:7: 485 daAuts
 Ossuary: 473 daAuts
     D:3: 461 daAuts
  Temple: 40 daAuts
  Lair:1: 2 daAuts
